 Dungeon Crawl Stone Soup version 0.21.1 (webtiles) character file.

6393 rlgrobin the Fighter (level 10, 0/65 HPs)
             Began as a Gargoyle Fighter on Feb 2, 2018.
             Was a Priest of Makhleb.
             Killed by divine providence
             ... invoked by an orc priest
              (13 damage)
             ... on level 9 of the Dungeon.
             The game lasted 00:29:06 (8442 turns).

rlgrobin the Fighter (Gargoyle Fighter)             Turns: 8442, Time: 00:29:07

Health: 0/65       AC: 24    Str: 26    XL:     10   Next: 97%
Magic:  15/15      EV:  6    Int:  9    God:    Makhleb [***...]
Gold:   478        SH: 12    Dex: 10    Spells: 9/9 levels left

rFire    . . .     SeeInvis +   m - +1 flail (crush)
rCold    + . .     Gourm    .   c - +0 shield
rNeg     + . .     Faith    .   p - +0 plate armour
rPois    ∞         Spirit   .   j - +2 helmet
rElec    +         Reflect  .   (no cloak)
rCorr    .         Harm     .   (no gloves)
MR       .....     Clarity  +   (no boots)
Stlth    ..........             t - amulet of regeneration
HPRegen  0.60/turn              o - +4 ring of strength
MPRegen  0.14/turn              s - ring of see invisible

@: no status effects
A: clarity, cold resistance 1, negative energy resistance 1, electricity
resistance, wild magic 1, unbreathing, petrification resistance, rot immunity,
AC +7
a: Minor Destruction, Lesser Servant of Makhleb, Renounce Religion


You were on level 9 of the Dungeon.
You worshipped Makhleb.
Makhleb was most pleased with you.
You were not hungry.

You visited 2 branches of the dungeon, and saw 10 of its levels.

You collected 478 gold pieces.


Innate Abilities, Weirdness & Mutations

You are resistant to torment.
Your stone body is resilient. (AC +7)
You are immune to poison.
You resist negative energy. (rN+)
You are resistant to electric shocks. (rElec)
You can survive without breathing.
You are immune to petrification.
You are immune to rotting.
You possess an exceptional clarity of mind.
Your flesh is cold resistant. (rC+)
Your spells are a little harder to cast, but a little more powerful.


   Skills:
 + Level 8.9 Fighting
 + Level 7.7 Maces & Flails
 + Level 8.8 Armour
 + Level 8.8 Shields
 + Level 7.2 Invocations


You had 9 spell levels left.
You didn't know any spells.

Inventory:

Hand Weapons
 a - a +0 flail
 m - a +1 flail of crushing (weapon)
 A - a +0 dire flail
Armour
 b - a +0 scale mail
 c - a +0 shield (worn)
 e - a +0 pair of boots
 j - a +2 helmet (worn)
 l - a +0 cloak
 p - a +0 plate armour (worn)
 u - a +0 pair of gloves
Jewellery
 d - an uncursed amulet of magic regeneration
 i - a +3 ring of strength
 o - a +4 ring of strength (left hand)
 r - an uncursed ring of ice
 s - a ring of see invisible (right hand)
 t - an amulet of regeneration (around neck)
 y - an uncursed ring of resist corrosion
Scrolls
 h - a scroll of magic mapping
 n - 3 scrolls of amnesia
 w - 3 scrolls of remove curse
 x - a scroll of identify {@r1}
 z - a scroll of teleportation {@r4}
Potions
 g - 6 potions of curing {@q1}
 k - 3 potions of heal wounds {@q2}
 q - a potion of lignification {!q}
 v - 2 potions of ambrosia
Comestibles
 f - 25 rations
 B - a chunk of flesh

Dungeon Overview and Level Annotations

Branches:
Dungeon (9/15)             Temple (1/1) D:4             Orc (0/2) D:9
   Lair: D:8-11

Altars:
Ashenzari
Elyvilon
Fedhas
Gozag
Hepliaklqana
Kikubaaqudgha
Makhleb
Qazlal
Ru
Sif Muna
Trog
Uskayaw
Vehumet
Wu Jian
Xom
Yredelemnul
Zin

Shops:
D:4 * ▒▒▒+▒▒▒▒ ▒ ▒ ▒▒▒▒▒▒▒▒ ▒ ▒ ▒......▒ .. ▒▒▒▒▒▒▒..>...▒ o.. '.....▒.>....▒▒▒▒ o... ▒▒▒▒▒.'......'..▒▒▒▒ ooo..

▒
▒▒▒......▒▒.8oo▒▒£.o.o.
▒ ▒......▒▒▒▒▒oooooo.o.
▒ ▒......▒ ▒▒▒▒ooo... ▒
▒▒▒▒'▒▒▒ ▒▒▒▒▒ ▒ ▒.▒ ▒
▒.▒ ▒ ▒.▒ ▒▒ ▒.▒ .▒ ...


You could see 2 orc warriors, an orc priest and 8 orcs.


Message History

You block the orc warrior's attack! x2
The orc warrior hits you with a morningstar of protection!!! * * * don't die
* * * The orc warrior barely misses you!
You take 9 damage, and have 24/65 hp!
The orc warrior hits you but does no damage!
The orc warrior hits you from afar with a halberd! * * * don't die
* * * You take 1 damage, and have 23/65 hp!
The orc warrior hits you with a morningstar of protection! * * * don't die
* * * You block the orc warrior's attack!
You take 2 damage, and have 21/65 hp!
The orc warrior barely misses you!
The orc warrior hits you but does no damage!
The orc warrior barely misses you! You block the orc warrior's attack!
You block the orc warrior's attack!
The orc warrior hits you but does no damage!
You block the orc warrior's attack! x2
You block the orc warrior's attack! x2
You block the orc warrior's attack!
The orc warrior hits you from afar with a halberd!!! * * * don't die
* * * You take 13 damage, and have 11/65 hp!
The orc warrior barely misses you!
The orc warrior hits you but does no damage!
You block the orc warrior's attack! x2
The orc priest invokes the aid of Beogh against you!
Beogh smites you!!! rip

Action                   |  1- 3 |  4- 6 |  7- 9 | 10-12 || total
-------------------------+-------+-------+-------+-------++-------
Melee: Flail             |   152 |   132 |   574 |   220 ||  1078
Invok: Minor Destruction |       |       |     6 |     9 ||    15
       Lesser Servant of |       |       |       |     2 ||     2
  Use: Potion            |       |     1 |     3 |     1 ||     5
       Scroll            |       |     4 |     8 |     4 ||    16
  Eat: Chunk             |       |     6 |    12 |     4 ||    22
       Ration            |       |       |     1 |       ||     1
Armor: Scale mail        |   128 |    48 |       |       ||   176
       Plate armour      |       |    35 |   654 |   231 ||   920
       Skin              |       |     1 |       |    48 ||    49
Dodge: Dodged            |    67 |    33 |   181 |    99 ||   380
Block: Shield            |    96 |    70 |   489 |   227 ||   882

Vault maps used:
D:1:      dpeg_arrival_pits, minmay_pentomino_p2
D:2:      old_standard_altar
D:3:      overflow_temple_1_default, lemuel_round_altar, solitary_fountain,
          uniq_terence, uniq_robin
D:4:      cheibrodos_pilgrimage, nicolae_overflow_crystal_walls,
          minmay_temple_entry_statues_fountains, serial_shops,
          nicolae_shop_stone, uniq_crazy_yiuf_cottage
D:5:      first_ration, nicolae_ossuary_entry_plus, serial_bayou_lagoon_a,
          grunt_ashenzari_visionary, uniq_menkaure
D:6:      overflow_temple_1_default, elyvilon_altar_1
D:7:      xom_shifter_show, yredelemnul_forgotten_temple_becter
D:8:      hangedman_ranch, hangedman_decor_peaks_small, grunt_decor_cap,
          grunt_ministairs_13, hangedman_abyss_or_decor_stagger
D:9:      orc_0_dummy, basic_altar
Temple:   regret_index_temple_generic_petals

Notes
Turn   | Place    | Note
-------+----------+-------------------------------------------
     0 | D:1      | rlgrobin the Gargoyle Fighter began the quest for the Orb.
     0 | D:1      | Reached XP level 1. HP: 14/14 MP: 1/1
   109 | D:1      | Reached XP level 2. HP: 19/19 MP: 2/2
   421 | D:2      | Reached XP level 3. HP: 19/23 MP: 3/3
   512 | D:2      | You fall through a shaft!
   787 | D:3      | Reached skill level 4 in Fighting
   787 | D:3      | Reached XP level 4. HP: 8/29 MP: 4/4
   789 | D:3      | Reached skill level 4 in Shields
   817 | D:3      | Reached skill level 4 in Armour
  1136 | D:3      | Found a shattered altar of Ashenzari.
  1269 | D:3      | Noticed Terence
  1285 | D:3      | Killed Terence
  1285 | D:3      | Reached skill level 3 in Maces & Flails
  1285 | D:3      | Reached XP level 5. HP: 7/33 MP: 5/5
  1799 | D:3      | Found a blossoming altar of Fedhas.
  1899 | D:3      | Noticed Robin
  1920 | D:3      | Killed Robin
  2206 | D:4      | Reached XP level 6. HP: 18/39 MP: 6/6
  2280 | D:4      | Found a staircase to the Ecumenical Temple.
  2294 | Temple   | Entered the Ecumenical Temple
  2419 | Temple   | Became a worshipper of Makhleb the Destroyer
  2636 | D:4      | Noticed Zorot's ghost (novice HOMo)
  2661 | D:4      | Killed Zorot's ghost
  2661 | D:4      | Reached skill level 5 in Fighting
  2661 | D:4      | Reached skill level 4 in Maces & Flails
  2661 | D:4      | Reached skill level 5 in Armour
  2661 | D:4      | Reached skill level 5 in Shields
  2661 | D:4      | Reached skill level 1 in Invocations
  2661 | D:4      | Reached XP level 7. HP: 16/44 MP: 6/8
  2867 | D:4      | Reached skill level 2 in Invocations
  2888 | D:4      | Found a runed door.
  3162 | D:4      | Found an opulent altar of Gozag.
  3238 | D:4      | Gained mutation: Your spells are a little harder to cast, but a little more powerful. [potion of mutation]
  3238 | D:4      | Gained mutation: You possess an exceptional clarity of mind. [potion of mutation]
  3238 | D:4      | Gained mutation: Your flesh is cold resistant. (rC+) [potion of mutation]
  3245 | D:4      | Found Kiedgh's General Store.
  3831 | D:4      | Noticed Crazy Yiuf
  3867 | D:4      | Killed Crazy Yiuf
  3966 | D:5      | Entered Level 5 of the Dungeon
  4007 | D:5      | Reached XP level 8. HP: 34/51 MP: 8/10
  4231 | D:5      | Reached skill level 3 in Invocations
  4308 | D:5      | Noticed Menkaure
  4318 | D:5      | Killed Menkaure
  4329 | D:5      | Reached skill level 6 in Shields
  4340 | D:5      | Found a shattered altar of Ashenzari.
  4344 | D:5      | Saw a vision of the Shoals and the Snake Pit.
  4344 | D:5      | Noticed a merfolk
  4344 | D:5      | Noticed a merfolk
  4344 | D:5      | Noticed a merfolk
  4344 | D:5      | Noticed a sea snake
  4344 | D:5      | Noticed a merfolk siren
  4344 | D:5      | Noticed a black mamba
  4344 | D:5      | Noticed an anaconda
  4344 | D:5      | Noticed a guardian serpent
  4344 | D:5      | Noticed a black mamba
  4344 | D:5      | Noticed a black mamba
  4345 | D:5      | Noticed an anaconda
  4345 | D:5      | Noticed a black mamba
  4397 | D:5      | Reached skill level 6 in Fighting
  4417 | D:5      | Reached skill level 6 in Armour
  4863 | D:6      | Reached skill level 5 in Maces & Flails
  4865 | D:6      | Reached * piety under Makhleb
  5185 | D:6      | Reached skill level 4 in Invocations
  5359 | D:6      | Found a sacrificial altar of Ru.
  5445 | D:6      | Reached XP level 9. HP: 52/56 MP: 12/12
  5498 | D:6      | Found a white marble altar of Elyvilon.
  5998 | D:7      | Found a basalt altar of Yredelemnul.
  6025 | D:7      | Reached ** piety under Makhleb
  6359 | D:7      | Reached skill level 7 in Fighting
  6359 | D:7      | Reached skill level 7 in Armour
  6359 | D:7      | Reached skill level 7 in Shields
  6406 | D:7      | Reached skill level 6 in Maces & Flails
  6534 | D:7      | Reached skill level 5 in Invocations
  6632 | D:7      | Found a shimmering altar of Xom.
  6632 | D:7      | Found a shimmering altar of Xom.
  6632 | D:7      | Found a shimmering altar of Xom.
  6632 | D:7      | Found a shimmering altar of Xom.
  6632 | D:7      | Found a shimmering altar of Xom.
  6632 | D:7      | Found a shimmering altar of Xom.
  7250 | D:8      | Reached XP level 10. HP: 64/64 MP: 14/14
  7296 | D:8      | Noticed a three-headed hydra
  7329 | D:8      | Killed a three-headed hydra
  7329 | D:8      | Reached *** piety under Makhleb
  7329 | D:8      | Reached skill level 8 in Fighting
  7329 | D:8      | Reached skill level 8 in Armour
  7329 | D:8      | Reached skill level 8 in Shields
  7329 | D:8      | Reached skill level 6 in Invocations
  7331 | D:8      | Reached skill level 7 in Maces & Flails
  7860 | D:9      | Found a staircase to the Orcish Mines.
  7954 | D:9      | Noticed a two-headed ogre
  7960 | D:9      | Killed a two-headed ogre
  7960 | D:9      | Reached skill level 7 in Invocations
  8442 | D:9      | Killed from afar by an orc priest

Vanquished Creatures
  A hydra (D:8)
  A two-headed ogre (D:9)
  The ghost of Zorot the Chopper, a novice HOMo (D:4)
  2 dream sheep (D:8)
  A hippogriff (D:7)
  2 yaks (D:8)
  A wyvern (D:8)
  Menkaure (D:5)
  3 sky beasts
  An orc warrior (D:8)
  An ice beast (D:7)
  6 ogres
  4 centaurs
  4 bullfrogs
  A scorpion (D:4)
  12 killer bees
  3 howler monkeys (D:8)
  3 crimson imps
  A centaur zombie (D:5)
  2 bullfrog zombies
  Crazy Yiuf (D:4)
  A gnoll shaman (D:7)
  3 hounds
  4 jellies
  6 orc priests
  A centaur skeleton (D:9)
  7 orc wizards
  Terence (D:3)
  2 iguanas (D:6)
  3 worker ants
  2 hound skeletons
  Robin (D:3)
  4 gnolls (D:7)
  12 adders
  4 shadow imps
  2 oozes
  2 adder skeletons
  A worm (D:4)
  A dart slug (D:1)
  3 leopard geckos
  41 orcs
  5 giant cockroaches
  17 goblins
  7 hobgoblins
  4 jackals
  4 quokkas
  3 ball pythons
  7 bats
  3 frilled lizards
  A giant cockroach zombie (D:5)
  4 kobolds
  5 rats
  A spectral orc (D:7)
  A plant (D:5)
215 creatures vanquished.

Vanquished Creatures (collateral kills)
  An orc warrior (D:9)
  3 big kobolds (D:8)
  A worker ant (D:8)
  A plant (D:8)
6 creatures vanquished.

Vanquished Creatures (others)
  An orc wizard (D:7)
1 creature vanquished.

Grand Total: 222 creatures vanquished
